 Dungeon Crawl Stone Soup version 0.24-a0-140-gcaa6c10 (webtiles) character file.

Game seed: 12942893542164109461

46 Borgoz the Sneak (level 3, 0/26 HPs)
             Began as a Ghoul Enchanter on Mar 4, 2019.
             Slain by a leopard gecko (3 damage)
             ... on level 1 of the Dungeon.
             The game lasted 00:02:49 (1129 turns).

Borgoz the Sneak (Ghoul Enchanter)                  Turns: 1129, Time: 00:02:50

Health: 0/26       AC:  2    Str: 11    XL:     3   Next: 68%
Magic:  2/4        EV: 12    Int: 11    God:
Gold:   68         SH:  0    Dex:  9    Spells: 2/5 levels left

rFire    . . .     SeeInvis .   a - +1 dagger
rCold    + . .     Gourm    .   (no shield)
rNeg     + + +     Faith    .   b - +0 robe
rPois    ∞         Spirit   .   (no helmet)
rElec    .         Reflect  .   (no cloak)
rCorr    .         Harm     .   (no gloves)
MR       .....                  (no boots)
Stlth    ++........             (no amulet)
HPRegen  0.00/turn              (no ring)
MPRegen  0.09/turn              (no ring)

@: rotting, hasted, very quick
A: rotting body, claws 1, carnivore, cold resistance 1, negative energy
resistance 3, inhibited regeneration, torment resistance, unbreathing
a: no special abilities


You were on level 1 of the Dungeon.
You were not hungry.

You visited 1 branch of the dungeon, and saw 3 of its levels.

You collected 68 gold pieces.

Inventory:

Hand Weapons
 a - a +1 dagger (weapon)
Armour
 b - a +0 robe (worn)
Scrolls
 c - a scroll of enchant armour {unknown}
 e - a scroll of magic mapping {unknown}
 f - 2 scrolls of remove curse {unknown}
 h - a scroll of fear {unknown}
 j - a scroll of noise {unknown}
Comestibles
 d - 2 rations


   Skills:
 * Level 2.2 Short Blades
 + Level 2.3 Dodging
 + Level 3.8 Stealth
 - Level 1.7 Spellcasting
 - Level 2.4 Hexes


You had 2 spell levels left.
You knew the following spells:

 Your Spells              Type           Power        Failure   Level  Hunger
a - Corona                Hex            #......      11%         1    ##.....
b - Ensorcelled Hibernat  Hex/Ice        #.....       28%         2    ###....

Your spell library contained the following spells:

 Spells                   Type           Power        Failure   Level  Hunger
 Confuse                  Hex            #.......     32%         3    ####...
 Tukima's Dance           Hex            #.......     32%         3    ####...
 Dazzling Spray           Conj/Hex       #.....       50%         3    ####...


Dungeon Overview and Level Annotations

Branches:
Dungeon (3/15)

Altars:


Innate Abilities, Weirdness & Mutations

Your body is rotting away.
You thrive on raw meat.
You are immune to poison.
You have sharp fingernails.
You are carnivorous and can eat meat at any time.
Your flesh is cold resistant. (rC+)
You are immune to negative energy. (rN+++)
You do not regenerate when monsters are visible.
You are immune to unholy pain and torment.
You can survive without breathing.


Message History

You miss the leopard gecko. The leopard gecko bites you.
You miss the leopard gecko. The leopard gecko bites you.
It was a potion of berserk rage.
You cannot raise a blood rage in your lifeless body.
The leopard gecko bites you.
* * * LOW HITPOINT WARNING * * *
It was a potion of haste.
You feel yourself speed up. The leopard gecko barely misses you.
The leopard gecko closely misses you.
You barely miss the leopard gecko. You barely miss the leopard gecko.
The leopard gecko bites you.
* * * LOW HITPOINT WARNING * * *
You hit the leopard gecko.
The leopard gecko is lightly wounded.
The leopard gecko closely misses you.
You hit the leopard gecko.
The leopard gecko is moderately wounded.
You closely miss the leopard gecko.
The leopard gecko is moderately wounded.
The leopard gecko bites you.
You die...

##### ###...#
###..##.############
###########..###..........)...
#.......#..### ####.##########
+..≈≈≈..'.## #.# ...
#.......#..### #.# ...%
###########..### #.# .....
###@l####+###.....
###K)...........
###........... #.........#
#.........# #.........#
...........# ....##+#######
.$..


You could see a leopard gecko and a kobold.

Vanquished Creatures
  A gnoll (D:1)
  An adder (D:2)
  A dart slug (D:2)
  2 leopard geckos (D:1)
  A giant cockroach (D:3)
  5 hobgoblins
  A kobold (D:1)
  2 bats (D:2)
  A frilled lizard (D:1)
  3 goblins
  6 rats
24 creatures vanquished.

Vanquished Creatures (others)
  A bat (D:2)
1 creature vanquished.

Grand Total: 25 creatures vanquished

Notes
Turn   | Place    | Note
-------+----------+-------------------------------------------
     0 | D:1      | Borgoz the Ghoul Enchanter began the quest for the Orb.
     0 | D:1      | Reached XP level 1. HP: 14/14 MP: 2/2
    69 | D:1      | Reached skill level 1 in Short Blades
   381 | D:1      | Reached XP level 2. HP: 6/20 MP: 3/3
   784 | D:2      | Reached XP level 3. HP: 20/26 MP: 4/4
   993 | D:2      | Learned a level 2 spell: Ensorcelled Hibernation
  1129 | D:1      | Slain by a leopard gecko

Levels and vault maps discovered:
D:1:      ncdulo_smallfort, layout_basic, grunt_decor_clamped,
          patterned_corridor
D:2:      layout_loops_cross, chequers_temple_overflow_statue_of_worship,
          dancing_weapons_uskayaw, nicolae_ru_awakened_eye, first_ration,
          serial_forest, infiniplex_forest_clump_double,
          infiniplex_forest_clump_long, infiniplex_forest_clump_small,
          infiniplex_forest_lined_room_, infiniplex_forest_lined_room_2,
          infiniplex_forest_straight_4, minmay_pentomino_r4
D:3:      kb_forest_paths, layout_basic, kennysheep_slug_shrine, uniq_robin

Skill      XL: |  1  2  3 |
---------------+----------+-----
Short Blades   | 1 2 |  2.2
Dodging        | 2 |  2.3
Stealth        | |  3.8
Spellcasting   | |  1.7
Hexes          | |  2.4

Action                   || total
-------------------------++-------
Melee: Dagger            ||   119
 Cast: Corona            ||     2
       Ensorcelled Hiber ||     1
  Use: Potion            ||     2
 Stab: Sleeping          ||     5
  Eat: Chunk             ||     8
Armor: Robe              ||    14
Dodge: Dodged            ||    79

Table legend:
 A = Non-vault XP
 B = Vault XP
 C = Vault XP percentage of total XP
 D = Non-vault monster count
 E = Vault monster count
 F = Vault count percentage of total count
                 A         B        C        D         E       F
            +---------+---------+-------+---------+---------+-------
      Total |      61 |       6 |   9.0 |      22 |       2 |   8.3
            +---------+---------+-------+---------+---------+-------
        D:1 |      29 |       0 |   0.0 |       9 |       0 |   0.0
        D:2 |      24 |       6 |  20.0 |       9 |       2 |  18.2
        D:3 |       8 |       0 |   0.0 |       4 |       0 |   0.0
            +---------+---------+-------+---------+---------+-------
